 Dungeon Crawl Stone Soup version 0.20.0-15-g7f486f2 (webtiles) character file.

139 sankara the Ruffian (level 5, 0/42 HPs)
             Began as a Draconian Transmuter on June 25, 2017.
             Slain by an adder (3 damage)
             ... on level 3 of the Dungeon.
             The game lasted 00:06:54 (2542 turns).

sankara the Ruffian (Draconian Transmuter)          Turns: 2542, Time: 00:06:55

Health: 0/42       AC: -3    Str: 13    XL:     5   Next: 1%
Magic:  8/8        EV: 12    Int: 13    God:
Gold:   149        SH:  0    Dex: 12    Spells: 5/8 levels left

rFire    . . .     SeeInvis .     - Unarmed
rCold    . . .     Gourm    .   (no shield)
rNeg     . . .     Faith    .   (armour unavailable)
rPois    .         Spirit   .   (helmet restricted)
rElec    .         Reflect  .   (no cloak)
rCorr    .         Harm     .   (no gloves)
MR       .....                  (no boots)
Stlth    +.........             (no amulet)
Regen    0.2/turn               (no ring)
MPRegen  0.2/turn               (no ring)

@: corroded
A: unfitting armour, cold-blooded, AC +5
a: no special abilities


You were on level 3 of the Dungeon.
You were not hungry.

You visited 1 branch of the dungeon, and saw 3 of its levels.

You collected 149 gold pieces.

Inventory:

Missiles
 a - 33 arrows
Jewellery
 m - an uncursed amulet of harm {unknown}
Scrolls
 d - a scroll of enchant weapon {unknown}
 e - 5 scrolls of identify {unknown}
 f - a scroll of fear {unknown}
 h - 3 scrolls of teleportation {unknown}
 j - a scroll of blinking {unknown}
Potions
 g - 3 potions of degeneration {unknown}
 i - 2 potions of heal wounds {unknown}
 k - a potion of curing {unknown}
 l - 2 potions of mutation {unknown}
Books
 b - a book of Changes

   Spells                             Type                      Level
   a - Beastly Appendage              Transmutation                1
   b - Sticks to Snakes               Transmutation                2
   c - Spider Form                    Transmutation/Poison         3
   d - Ice Form                       Ice/Transmutation            4
   e - Blade Hands                    Transmutation                5
Comestibles
 c - 2 bread rations
 n - 2 fruits


   Skills:
 + Level 2.7 Fighting
 - Level 1.7 Dodging
 * Level 4.9 Unarmed Combat
 - Level 2.0 Spellcasting
 + Level 2.4 Transmutations


You had 5 spell levels left.
You knew the following spells:

 Your Spells              Type           Power        Failure   Level  Hunger
a - Beastly Appendage     Tmut           #.....       10%         1    ##.....
b - Sticks to Snakes      Tmut           #.......     14%         2    ###....


Dungeon Overview and Level Annotations

Branches:
Dungeon (3/15)

Altars:
Cheibriados


Innate Abilities, Weirdness & Mutations

Your plain brown scales are hard. (AC +5)
You cannot fit into any form of body armour.
You are cold-blooded and may be slowed by cold attacks.


Message History

The adder is severely wounded.
The adder closely misses you.
You miss the adder.
The adder is severely wounded.
The adder barely misses you. The adder bites you.
* * * LOW HITPOINT WARNING * * *
You completely miss the adder.
The adder is severely wounded.
The adder barely misses you.
You hit the adder but do no damage.
Your tail-slap misses the adder.
The adder is severely wounded.
The adder barely misses you.
You barely miss the adder.
The adder is severely wounded.
The adder bites you.
* * * LOW HITPOINT WARNING * * *
You closely miss the adder.
The adder is severely wounded.
The adder bites you.
You die...

### ###
#.###.######
#
#....<.....#
#
#)###.####.#
# #.# #.#
#.# #@# #.#
#.#######
#S# #.#
#........
#.# #.#
###......
#.> ...
(......<..
#.[ ###
#########.
#..# .. #..#
... #=.#
.... .....


You could see an adder.

Vanquished Creatures
  A jelly (D:3)
  Terence (D:3)
  2 adders (D:2)
  A worm (D:3)
  3 dart slugs
  A leopard gecko (D:1)
  A giant cockroach (D:2)
  8 goblins
  3 hobgoblins
  13 jackals
  5 bats
  3 frilled lizards (D:2)
  5 kobolds
  4 rats
51 creatures vanquished.

Notes
Turn   | Place    | Note
-------+----------+-------------------------------------------
     0 | D:1      | sankara the Draconian Transmuter began the quest for the Orb.
     0 | D:1      | Reached XP level 1. HP: 16/16 MP: 3/3
   178 | D:1      | Reached XP level 2. HP: 21/23 MP: 5/5
   809 | D:1      | Reached XP level 3. HP: 20/29 MP: 6/6
  1127 | D:1      | Reached skill level 4 in Unarmed Combat
  1676 | D:2      | Learned a level 2 spell: Sticks to Snakes
  1756 | D:2      | Reached XP level 4. HP: 37/37 MP: 7/7
  1766 | D:2      | Found a snail-covered altar of Cheibriados.
  2291 | D:3      | Noticed Terence
  2311 | D:3      | Killed Terence
  2532 | D:3      | Reached XP level 5. HP: 15/42 MP: 8/8
  2542 | D:3      | Slain by an adder

Skill      XL: |  1  2  3 |
---------------+----------+-----
Fighting       | 2 |  2.7
Unarmed Combat | 4 |  4.9
Dodging        | |  1.7
Spellcasting   | |  2.0
Transmutations | |  2.4

Action                   |  1- 3 |  4- 6 || total
-------------------------+-------+-------++-------
Melee: Unarmed           |   208 |    57 ||   265
       Tailslap          |    13 |    10 ||    23
       Punch             |     2 |       ||     2
 Stab: Sleeping          |     1 |       ||     1
  Eat: Chunk             |     3 |     2 ||     5
Armor: Skin              |    68 |     9 ||    77
Dodge: Dodged            |   159 |    27 ||   186
